 Dungeon Crawl Stone Soup version 0.30-a0-377-g5cb311bc9f (webtiles) character file.

Game seed: 5521643154195921260

2 tio the Caller (level 1, 0/10 HPs)
             Began as a Deep Elf Summoner on Nov 28, 2022.
             Slain by a quokka (4 damage)
             ... on level 1 of the Dungeon.
             The game lasted 00:01:35 (146 turns).

tio the Caller (Deep Elf Summoner)                   Turns: 146, Time: 00:01:40

Health: 0/10       AC:  2    Str:  5    XL:     1   Next: 25%
Magic:  4/6        EV:  9    Int: 19    God:
Gold:   23         SH:  0    Dex: 15    Spells: 5/6 levels left

rFire   . . .      SeeInvis .    c - +0 club
rCold   . . .      Faith    .    (no shield)
rNeg    . . .      Spirit   .    a - +0 robe
rPois   .          Reflect  .    (no helmet)
rElec   .          Harm     .    (no cloak)
rCorr   .          Rampage  .    (no gloves)
Will    .....                    (no boots)
Stlth   ++........               (no amulet)
HPRegen 0.21/turn                (no ring)
MPRegen 0.10/turn                (no ring)

@: very slightly contaminated, constricted
A: no striking features
a: no special abilities


You were on level 1 of the Dungeon.
You visited 1 branch of the dungeon, and saw 1 of its levels.

You collected 23 gold pieces.

Inventory:

Hand Weapons
 c - a +0 club (weapon)
Armour
 a - a +0 robe (worn)
Potions
 b - a potion of magic


   Skills:
 + Level 2.4 Dodging
 + Level 2.4 Stealth
 + Level 3.0 Spellcasting
 + Level 4.5 Summonings


You had 5 spell levels left.
You knew the following spells:

 Your Spells              Type           Power      Damage    Failure   Level
a - Summon Small Mammal   Summ           80%        N/A       2%          1

Your spell library contained the following spells:

 Spells                   Type           Power      Damage    Failure   Level
 Call Imp                 Summ           20%        N/A       3%          2
 Call Canine Familiar     Summ           20%        N/A       7%          3
 Summon Guardian Golem    Hex/Summ       11%        N/A       19%         3
 Frozen Ramparts          Ice            4%         1d1       41%         3
 Summon Ice Beast         Ice/Summ       11%        N/A       52%         4
 Summon Lightning Spire   Summ/Air       11%        N/A       52%         4
 Ice Form                 Ice/Tmut       2%         N/A       83%         4


Dungeon Overview and Level Annotations

Branches:
Dungeon (1/15)

Altars:


Message History

You open the door.
Found a robe.
A bat comes into view.
The bat closely misses you. The bat hits you.
You hit the bat.
You kill the bat!
There is an open door here.
You see here a bat corpse.
Found 6 stones.
A spectral kobold comes into view.
A quokka and a ball python come into view.
You see here a scroll labelled UPRUTZ POHOKLU.
The ball python hisses angrily.
You miscast Summon Small Mammal.
You are very lightly contaminated with residual magic.
Nothing appears to happen.
Your bat hits the spectral kobold but does no damage.
Your bat hits the spectral kobold.
The spectral kobold hits you but does no damage.
You hit the spectral kobold but do no damage.
The spectral kobold is moderately damaged.
Your bat hits the spectral kobold but does no damage.
Your bat barely misses the spectral kobold.
The spectral kobold barely misses you. The quokka closely misses you.
You hit the spectral kobold but do no damage.
Your bat hits the spectral kobold but does no damage.
The ball python barely misses you. The ball python grabs you.
The ball python constricts you. The spectral kobold barely misses you.
Your bat closely misses the quokka.
The quokka bites you.
The ball python bites you but does no damage.
The ball python constricts you.
The spectral kobold hits you but does no damage.
You hit the spectral kobold but do no damage.
Your bat hits the spectral kobold but does no damage.
The quokka bites you but does no damage.
The ball python bites you but does no damage.
The ball python constricts you.
The spectral kobold hits you but does no damage.
The quokka bites you.
You die...

#.## .~....###.... #..~
.~.~~~#..~... #... ~
~~~. ~..... #...##~
~~##......
#...~~#+++~#~......
#...~~~~.~.~~....#
##......b.........#
#.....r@Z.....#
#.....S.......###
#...............#
#........(......#
#...............########
#####+####..[...........
#..............
#..............
#..............


You could see a spectral kobold (ally target), a quokka, a ball python and a
friendly bat (summoned).

Vanquished Creatures
  A bat (D:1)
1 creature vanquished.

Vanquished Creatures (collateral kills)
  A hobgoblin (D:1)
1 creature vanquished.

Grand Total: 2 creatures vanquished

Notes
Turn   | Place    | Note
-------+----------+-------------------------------------------
     0 | D:1      | tio the Deep Elf Summoner began the quest for the Orb.
     0 | D:1      | Reached XP level 1. HP: 10/10 MP: 6/6
   146 | D:1      | Slain by a quokka

Illustrated notes

Levels and vault maps discovered:
D:1:      matt_arrival_grand_opening, layout_basic,
          dreamdust_ecumenical_altar_drowned_temple

Action                   || total
-------------------------++-------
Melee: Club              ||    10
 Cast: Summon Small Mamm ||     4
Armor: Robe              ||     6
Dodge: Dodged            ||    12

Table legend: (Time is in decaauts)
 A = Elapsed time spent in this place.
 B = Non-inter-level travel time spent in this place.
 C = Inter-level travel time spent in this place.
 D = Time resting spent in this place.
 E = Time spent auto-exploring this place.
 F = Levels seen in this place.
 G = Mean time per level.
                   A        B        C        D        E       F      G
               +--------+--------+--------+--------+--------+-----+--------+
         Total |    148 |    110 |     38 |      0 |     68 |   1 |  148.0 |
       Dungeon |    148 |    110 |     38 |      0 |     68 |   1 |  148.0 |
               +--------+--------+--------+--------+--------+-----+--------+

Top non-repeatable levels by time:
     D:1: 148 daAuts
